 Dungeon Sprint DCSS version 0.29-a0-320-g9f8742066b (webtiles) character file.

Game seed: 15348181399343437451

457534 mhtbhm the Minotaur Porcupine (level 20, -30/237 HPs)
             Began as a Minotaur Fighter on Apr 2, 2022.
             Was an Initiate of Gozag.
             Killed from afar by Cerebov (36 damage)
             ... with a great blast of fire
             ... in the Dungeon (Sprint IX: "|||||||||||||||||||||||||||||").
             The game lasted 00:39:37 (24076 turns).

mhtbhm the Minotaur Porcupine (Minotaur Fighter)   Turns: 24076, Time: 00:39:38

Health: -30/237    AC: 45    Str: 36      XL:     20   Next: 8%
Magic:  45/45      EV: 16    Int:  4 (5)  God:    Gozag
Gold:   3011       SH: 29    Dex: 10      Spells: 57/64 levels left

rFire   + . .      SeeInvis +   c - +9 eudemon blade (holy)
rCold   + . .      Faith    .   D - +0 tower shield {rPois}
rNeg    + + +      Spirit   .   b - +7 gold dragon scales
rPois   +          Reflect  +   H - +0 mask of the Dragon {Will+ Slay+3 SInv}
rElec   +          Harm     .   J - +0 cloak {Will+}
rCorr   +          Rampage  ∞   v - +2 pair of gloves "Weecio Nant" {rElec rC- rN+++ Slay-4}
Will    +++..      NoTele   +   I - +3 pair of seven-league boots {Rampage+∞}
Stlth   +.........              A - amulet of reflection
HPRegen 0.49/turn               U - +3 ring of slaying
MPRegen 0.29/turn               G - +6 ring of strength

@: mighty, brilliant, resistant, fire vulnerable, hasted, invisible, very quick
A: horns 2, retaliatory headbutt, deterioration 1, robust 1, screaming 1
}: 9/17 runes: decaying, serpentine, barnacled, slimy, elven, silver, golden,
abyssal, gossamer
a: Renounce Religion, Potion Petition, Call Merchant, Bribe Branch


You were in the Dungeon.
You worshipped Gozag.
Gozag was most pleased with you.
You visited 1 branch You collected 49490 gold pieces.
You spent 8408 gold pieces at shops.
You paid 38071 gold pieces to Gozag.

Inventory:

Hand Weapons
 a - a +3 glaive of chaos
 c - a +9 eudemon blade of holy wrath (weapon)
 K - the +9 glaive "Embalmer" {protect, Dex+5}
   (You bought it in a shop in the Dungeon)

   It grants its wielder temporary protection when it strikes (+7 to AC).
   Dex:       It affects your dexterity (+5).
 S - the +6 arbalest "Damnation" {damnation}
   (You found it in the Dungeon)

   Any ammunition fired from it explodes in a burst of damnation on striking a
   foe, dealing damage which bypasses armour.
 Z - a +9 great sword of holy wrath
Missiles
 m - a silver javelin (quivered)
 p - 2 javelins
Armour
 b - +7 gold dragon scales (worn)
 v - the +2 pair of gloves "Weecio Nant" (worn) {rElec rC- rN+++ Slay-4}
   (You bought it in a shop in the Dungeon)

   Slay:      It affects your accuracy & damage with ranged weapons and melee
   (-4).
   rC:        It makes you vulnerable to cold.
   rElec:     It insulates you from electricity.
   rN:        It renders you almost immune to negative energy.
 z - a +1 pair of gloves of hurling
 D - a +0 tower shield of poison resistance (worn)
 H - the +0 mask of the Dragon (worn) {Will+ Slay+3 SInv}
   (You bought it in a shop in the Dungeon)

   Slay:      It affects your accuracy & damage with ranged weapons and melee
   (+3).
   SInv:      It lets you see invisible.
   Will:      It increases your willpower.
 I - the +3 pair of seven-league boots (worn) {Rampage+∞}
   (You found it in the Dungeon)

   Its wearer moves as far as possible in that direction when moving towards
   enemies.
 J - a +0 cloak of willpower (worn)
Jewellery
 g - a +4 ring of evasion
 j - the ring "Zirutahat" {rPois rC++ rN+ rCorr Int-4}
   (You bought it in a shop in the Dungeon)

   [ring of positive energy]

   Int:       It affects your intelligence (-4).
   rC:        It greatly protects you from cold.
   rPois:     It protects you from poison.
   rN:        It protects you from negative energy.
   rCorr:     It protects you from acid and corrosion.
 t - a +4 ring of protection
 w - a ring of see invisible
 y - a ring of poison resistance
 A - an amulet of reflection (around neck)
 G - a +6 ring of strength (right hand)
 U - a +3 ring of slaying (left hand)
 V - the ring of Huept {Str+2 Int+3}
   (You found it in the Dungeon)

   [ring of intelligence]

   Str:       It affects your strength (+2).
   Int:       It affects your intelligence (+3).
 Y - a +3 ring of slaying
Wands
 R - a wand of polymorph (6)
Scrolls
 i - 2 scrolls of fog
 k - 2 scrolls of amnesia
 l - a scroll of summoning
 q - a scroll of enchant weapon
 r - 7 scrolls of identify
 O - 5 scrolls of fear
Potions
 e - 6 potions of curing
 f - 4 potions of might
 h - 9 potions of magic
 n - 2 potions of haste
 s - 2 potions of invisibility
 B - 2 potions of attraction
 C - 2 potions of lignification
 L - 2 potions of brilliance
 M - a potion of resistance
Miscellaneous
 o - the horn of Geryon
 T - a box of beasts


   Skills:
 O Level 27 Fighting
 - Level 2.9(11.8) Short Blades
 - Level 18.9(19.0) Long Blades
 - Level 3.3 Maces & Flails
 O Level 27 Polearms
 - Level 2.8 Slings
 - Level 3.0 Bows
 O Level 27 Armour
 O Level 27 Dodging
 - Level 24.4 Stealth
 O Level 27 Shields
 + Level 22.7 Spellcasting
 - Level 1.9 Conjurations
 - Level 1.7 Hexes
 + Level 24.5 Summonings
 - Level 2.0 Necromancy
 - Level 2.4 Translocations
 - Level 2.1 Transmutations
 - Level 2.0 Fire Magic
 - Level 1.9 Ice Magic
 - Level 1.9 Air Magic
 - Level 2.8 Earth Magic
 - Level 2.5 Poison Magic
 - Level 3.3 Invocations
 - Level 5.5 Evocations


You had 57 spell levels left.
You knew the following spells:

 Your Spells              Type           Power      Damage    Failure   Level
a - Dragon Form           Tmut           4%         N/A       100%        7

Your spell library contained the following spells:

 Spells                   Type           Power      Damage    Failure   Level
 Passwall                 Tmut/Erth      7%         N/A       12%         2
 Dragon's Call            Summ           18%        N/A       67%         9
 Cause Fear               Hex            4%         N/A       73%         4
 Freezing Cloud           Conj/Ice/Air   4%         6-21      96%         5
 Simulacrum               Ice/Necr       4%         N/A       100%        6
 Polar Vortex             Ice            4%         N/A       100%        9


Dungeon Overview and Level Annotations

Branches:
Dungeon (1/1)

Altars:
Cheibriados
Dithmenos
Elyvilon
Fedhas
Gozag
Hepliaklqana
Kikubaaqudgha
Makhleb
Nemelex Xobeh
Okawaru
Qazlal
Ru
Sif Muna
Trog
Uskayaw
Vehumet
Wu Jian
Xom
Yredelemnul
Zin
The Shining One
Beogh
Jiyva
Lugonu

Shops:
D *=(!*[((?[[[?*!?![*[[=

Annotations:
D Cerebov, Gloorx Vloq


Innate Abilities, Weirdness & Mutations

You have a pair of horns on your head.
You reflexively headbutt those who attack you in melee.
Your body sometimes deteriorates upon taking damage.
You are robust. (+10% HP)
You occasionally shout uncontrollably at your foes.


Message History

Cerebov is severely wounded.
Cerebov gestures at you.
A raging storm of fire appears!
The great blast of fire engulfs you!! You partially resist.
* * * LOW HITPOINT WARNING * * *
The great blast of fire engulfs Cerebov!!
Cerebov partially resists.
The great blast of fire engulfs the Executioner!!!
The Executioner partially resists.
The great blast of fire engulfs Gloorx Vloq!!!!
Unknown command.
You feel much better.
You are engulfed in blazing flames.
You resist.
* * * LOW HITPOINT WARNING * * *
The Executioner is engulfed in blazing flames.
Gloorx Vloq is engulfed in blazing flames.
Cerebov gestures at you.
A raging storm of fire appears!
The great blast of fire engulfs you!!! You partially resist.
* * * LOW HITPOINT WARNING * * *
The great blast of fire engulfs Cerebov!!
Cerebov partially resists.
The great blast of fire engulfs the Executioner!!!
The Executioner partially resists.
The Executioner dies!
The Executioner disappears in a puff of smoke!
Gloorx Vloq is engulfed in blazing flames. [a] - 510 gold - lignification, might and resistance [b] - 928 gold - haste, resistance, invisibility and might [c] - 231 gold - curing and magic Purchase which effect?
You feel as though your hastened speed will last longer.
You feel protected.
You fade further into invisibility.
You feel mightier all of a sudden.
You are engulfed in blazing flames.
You resist.
* * * LOW HITPOINT WARNING * * *
Cerebov gestures at you.
A raging storm of fire appears!
The great blast of fire engulfs you!!! You partially resist.
You die...
Your body crumbles into a pile of gold.

.▓.▓.▓.▓.♣∩♣.▓.▓.▓&▓
.▓)▓.▓.▓.♣)♣.▓.▓.▓X▓
.▓.▓.▓.▓.▓)▓.▓.▓.▓&▓
.▓)▓.▓.▓.▓[▓.▓.▓.▓.▓
.▓.▓.▓'▓.▓)▓.▓'▓.▓.▓
.▓.▓.▓.▓.▓[▓.▓.▓1▓1▓
.▓.▓.▓'▓.▓)▓.▓.▓&▓§▓
.▓.▓.▓.▓.▓.▓.▓.▓&▓§▓
.▓.▓.▓'▓.▓[▓.▓.▓@▓§▓
.▓'▓.▓.▓.▓.▓.▓.▓○▓§▓
.▓)▓.▓'▓.▓)▓.▓.▓○▓§▓
.▓)▓.▓)▓.▓)▓.▓.▓°▓§▓
.▓)▓.▓)▓.▓)▓.▓.▓.▓§▓
.▓)▓.▓.▓.▓.▓.▓.▓.▓§▓
.▓)▓.▓.▓.▓.▓.▓'▓.▓§▓
.▓)▓.▓.▓.▓.▓.▓.▓.▓1▓
.▓.▓.▓.▓.▓.▓.▓.▓○▓.▓


You could see Cerebov (fast), Gloorx Vloq and an Executioner (summoned, fast).

Vanquished Creatures
  the Royal Jelly (D)
  Ereshkigal (D)
  Mnoleg (D)
  2 orbs of fire (D)
  Mennas (D)
  4 ancient liches (D)
  Mara (D)
  Boris (D)
  5 royal mummies (D)
  Xtahua (D)
  Geryon (D)
  2 golden dragons (D)
  Jory (D)
  2 electric golems (D)
  6 tentacled monstrosities (D)
  Rupert (D)
  5 liches (D)
  A titan (D)
  2 deep elf master archers (D)
  28 Orb Guardians (D)
  A walking divine tome (D)
  2 deep elf blademasters (D)
  9 acid blobs (D)
  A quicksilver dragon (D)
  A death cob (D)
  12 sphinxes (D)
  8 shadow dragons (D)
  2 draconian monks (D)
  A tengu reaver (D)
  4 rockslimes (D)
  2 storm dragons (D)
  4 azure jellies (D)
  6 nagarajas (D)
  A draconian knight (D)
  A fire giant (D)
  2 frost giants (D)
  A deep elf sorcerer (D)
  6 emperor scorpions (D)
  2 vault wardens (D)
  A draconian scorcher (D)
  2 draconian shifters (D)
  3 ghost moths (D)
  3 draconian stormcallers (D)
  2 quicksilver oozes (D)
  A ghost moth (shapeshifter) (D)
  3 stone giants (D)
  A spriggan defender (D)
  2 ironbound thunderhulks (D)
  4 ironbound preservers (D)
  2 war gargoyles (D)
  8 vampire knights (D)
  3 green draconians (D)
  2 eleionomae (D)
  2 black draconians (D)
  A deep elf demonologist (D)
  A bunyip (D)
  3 entropy weavers (D)
  8 red draconians (D)
  4 white draconians (D)
  2 dire elephants (D)
  4 deep elf annihilators (D)
  5 purple draconians (D)
  5 yellow draconians (D)
  5 ettins (D)
  2 merfolk impalers (D)
  Snorg (D)
  2 merfolk javelineers (D)
  7 fire dragons (D)
  A deep elf death mage (D)
  3 yaktaur captains (D)
  5 mummy priests (D)
  5 deep elf high priests (D)
  3 rakshasas (D)
  A boulder beetle (D)
  6 ice dragons (D)
  2 naga warriors (D)
  25 vault guards (D)
  A catoblepas (D)
  A death knight (D)
  11 hydras (D)
  An anaconda (D)
  A merfolk avatar (D)
  7 merfolk aquamancers (D)
  2 centaur warriors (D)
  A deep troll shaman (D)
  3 tengu warriors (D)
  A spriggan berserker (D)
  3 thrashing horrors (D)
  An orc high priest (D)
  2 deep troll earth magi (D)
  A shock serpent (D)
  A fire crab (shapeshifter) (D)
  A hell knight (D)
  Nergalle (D)
  A pharaoh ant (D)
  A flayed ghost (D)
  2 steelbarb worms (D)
  4 swamp dragons (D)
  3 ironbound convokers (D)
  A wizard (D)
  7 orc knights (D)
  A lindwurm (D)
  A necromancer (D)
  6 ugly things (D)
  A wolf spider (shapeshifter) (D)
  A faun (shapeshifter) (D)
  A cyclops (D)
  4 manticores (D)
  A wolf spider (D)
  2 will-o-the-wisps (D)
  6 moths of wrath (D)
  3 naga magi (D)
  2 torpor snails (D)
  3 black mambas (D)
  A water nymph (D)
  5 guardian serpents (D)
  Psyche (D)
  A smoke demon (D)
  3 vault sentinels (D)
  4 cane toads (D)
  An unseen horror (D)
  3 demonic crawlers (D)
  A freezing wraith (D)
  3 komodo dragons (D)
  18 guardian mummies (D)
  A kobold demonologist (D)
  A tengu conjurer (D)
  3 merfolk (D)
  A troll (D)
  A wandering mushroom (D)
  A wind drake (D)
  A hornet (D)
  2 tyrant leeches (D)
  3 blink frogs (D)
  2 slime creatures (D)
  A snapping turtle (D)
  12 spriggans (D)
  2 jumping spiders (D)
  2 culicivoras (D)
  A wraith (D)
  2 yaks (D)
  2 golden eyes (D)
  2 steam dragons (D)
  A redback (D)
  2 vampire mosquitoes (D)
  A naga (D)
  An acid dragon (D)
  5 water moccasins (D)
  A floating eye (D)
  22 orc warriors (D)
  A small abomination (D)
  A swamp drake (D)
  A sky beast (D)
  4 bullfrogs (D)
  A scorpion (D)
  A jelly (D)
  An orc priest (D)
  An iron imp (D)
  3 orc wizards (D)
  4 orcs (D)
  An endoplasm (D)
  A giant cockroach (D)
  A hobgoblin (D)
  2 quokkas (D)
  A ball python skeleton (D)
  A frilled lizard (D)
  A giant cockroach zombie (D)
  A fire vortex (D)
504 creatures vanquished.

Vanquished Creatures (others)
  Ilsuiw (D)
  An unseen horror (D)
  4 foxfires (D)
6 creatures vanquished.

Grand Total: 510 creatures vanquished

Notes
Turn   | Place    | Note
-------+----------+-------------------------------------------
     0 | D        | mhtbhm the Minotaur Fighter began the quest for the Orb.
     0 | D        | Reached XP level 1. HP: 19/19 MP: 0/0
   131 | D        | Noticed a sky beast
   131 | D        | Noticed a jelly
   131 | D        | Noticed a scorpion
   131 | D        | Noticed an orc wizard
   138 | D        | Killed a sky beast
   139 | D        | Reached XP level 2. HP: 13/31 MP: 1/1
   139 | D        | Reached XP level 3. HP: 16/38 MP: 2/2
   139 | D        | Reached XP level 4. HP: 19/45 MP: 3/3
   140 | D        | Reached skill level 5 in Polearms
   142 | D        | Killed a scorpion
   143 | D        | Reached XP level 5. HP: 18/52 MP: 4/4
   177 | D        | Found a snail-covered altar of Cheibriados.
   177 | D        | Found a shadowy altar of Dithmenos.
   177 | D        | Found a white marble altar of Elyvilon.
   177 | D        | Found a blossoming altar of Fedhas.
   177 | D        | Found an opulent altar of Gozag.
   178 | D        | Found a hazy altar of Hepliaklqana.
   179 | D        | Found a viscous altar of Jiyva.
   180 | D        | Found an ancient bone altar of Kikubaaqudgha.
   181 | D        | Found a corrupted altar of Lugonu.
   182 | D        | Found a burning altar of Makhleb.
   183 | D        | Found a sparkling altar of Nemelex Xobeh.
   184 | D        | Found an iron altar of Okawaru.
   185 | D        | Found a stormy altar of Qazlal.
   187 | D        | Became a worshipper of Gozag Ym Sagoz the Greedy
   189 | D        | Found a sacrificial altar of Ru.
   190 | D        | Found a shimmering blue altar of Sif Muna.
   191 | D        | Found a bloodstained altar of Trog.
   192 | D        | Found a hide-covered altar of Uskayaw.
   193 | D        | Found a radiant altar of Vehumet.
   194 | D        | Found an ornate altar of the Wu Jian Council.
   195 | D        | Found a shimmering altar of Xom.
   196 | D        | Found a basalt altar of Yredelemnul.
   197 | D        | Found a glowing silver altar of Zin.
   198 | D        | Found a glowing golden altar of the Shining One.
   523 | D        | Noticed a steam dragon
   523 | D        | Noticed a wraith
   523 | D        | Noticed a steam dragon
   523 | D        | Noticed an acid dragon
   523 | D        | Noticed a yak
   527 | D        | Killed a steam dragon
   528 | D        | Reached skill level 1 in Dodging
   528 | D        | Reached XP level 6. HP: 30/62 MP: 5/5
   535 | D        | Killed a wraith
   763 | D        | Killed an unseen horror
   764 | D        | Reached skill level 10 in Fighting
   764 | D        | Reached skill level 10 in Armour
   764 | D        | Reached XP level 7. HP: 58/72 MP: 6/6
   768 | D        | Reached skill level 10 in Polearms
   773 | D        | Killed a steam dragon
   777 | D        | Killed a yak
  1051 | D        | Noticed a kobold demonologist
  1051 | D        | Noticed a death knight
  1051 | D        | Noticed a catoblepas
  1051 | D        | Noticed a tengu conjurer
  1051 | D        | Noticed a troll
  1051 | D        | Noticed a centaur warrior
  1056 | D        | Noticed an orange demon
  1056 | D        | Killed a kobold demonologist
  1057 | D        | Reached XP level 8. HP: 82/82 MP: 7/7
  1091 | D        | Killed a death knight
  1092 | D        | Reached skill level 1 in Stealth
  1094 | D        | Killed a catoblepas
  1095 | D        | Reached skill level 15 in Polearms
  1095 | D        | Reached XP level 9. HP: 48/92 MP: 8/8
  1096 | D        | Killed a tengu conjurer
  1099 | D        | Killed a troll
  1104 | D        | Killed a centaur warrior
  1334 | D        | Noticed a komodo dragon
  1334 | D        | Noticed a cane toad
  1346 | D        | Killed a komodo dragon
  1347 | D        | Reached skill level 1 in Evocations
  1351 | D        | Killed a cane toad
  1352 | D        | Reached XP level 10. HP: 98/103 MP: 9/9
  1405 | D        | Noticed a cane toad
  1405 | D        | Noticed a lindwurm
  1408 | D        | Killed a cane toad
  1408 | D        | Noticed a cane toad
  1411 | D        | Noticed a torpor snail
  1416 | D        | Reached skill level 15 in Armour
  1420 | D        | Killed a lindwurm
  1599 | D        | Reached skill level 15 in Fighting
  1602 | D        | Killed a cane toad
  1606 | D        | Killed a torpor snail
  1716 | D        | Noticed a cane toad
  1738 | D        | Killed a cane toad
  1753 | D        | Reached skill level 5 in Stealth
  1759 | D        | Reached XP level 11. HP: 36/114 MP: 10/10
  2076 | D        | Noticed Psyche
  2090 | D        | Killed Psyche
  2169 | D        | Noticed a stone giant
  2169 | D        | Noticed an orc knight
  2179 | D        | Killed a stone giant
  2190 | D        | Killed an orc knight
  2832 | D        | Noticed an orc high priest
  2838 | D        | Killed an orc high priest
  2864 | D        | Noticed an orc knight
  2874 | D        | Killed an orc knight
  2941 | D        | Found Ficsiji's General Store.
  2941 | D        | Noticed an orc knight
  2941 | D        | Noticed an orc knight
  2942 | D        | Noticed an orc knight
  2950 | D        | Killed an orc knight
  2964 | D        | Killed an orc knight
  3336 | D        | Killed an orc knight
  3615 | D        | Found Zulinn's Jewellery Shoppe.
  3619 | D        | Found Ithoz's Antique Weapon Emporium.
  3623 | D        | Found Basyruuz's Distillery.
  3625 | D        | Noticed an orc knight
  3628 | D        | Noticed an orc knight
  3635 | D        | Killed an orc knight
  3645 | D        | Killed an orc knight
  3823 | D        | Bought a potion of invisibility for 88 gold pieces
  3823 | D        | Bought a potion of might for 44 gold pieces
  3823 | D        | Bought a potion of curing for 33 gold pieces
  3823 | D        | Bought a potion of heal wounds for 55 gold pieces
  3823 | D        | Bought a potion of mutation for 88 gold pieces
  3829 | D        | Bought a potion of curing for 30 gold pieces
  3829 | D        | Bought a potion of berserk rage for 50 gold pieces
  3829 | D        | Bought a scroll of blinking for 75 gold pieces
  3829 | D        | Bought a scroll of identify for 20 gold pieces
  3835 | D        | Bought an amulet of guardian spirit for 300 gold pieces
  4021 | D        | Bought a spiked cloak for 275 gold pieces
  4021 | D        | Identified the -6 cloak of Esuxogh {MP+9} (You bought it in
                  | a shop in the Dungeon)
  4021 | D        | Bought a pair of embroidered gloves for 217 gold pieces
  4027 | D        | Bought a runed plate armour for 754 gold pieces
  4037 | D        | Bought a pair of runed gloves for 195 gold pieces
  4037 | D        | Bought a potion of heal wounds for 130 gold pieces
  4037 | D        | Bought a potion of might for 104 gold pieces
  4037 | D        | Bought a metallic green potion for 23 gold pieces
  4037 | D        | Bought a metallic green potion for 23 gold pieces
  4037 | D        | Bought a bubbling orange potion for 23 gold pieces
  4037 | D        | Bought a glass ring for 130 gold pieces
  4050 | D        | Noticed a tengu warrior
  4050 | D        | Noticed a red ugly thing
  4050 | D        | Noticed a red ugly thing
  4054 | D        | Killed a tengu warrior
  4055 | D        | Reached XP level 12. HP: 127/130 MP: 11/11
  4083 | D        | Noticed a tengu warrior
  4083 | D        | Noticed an ettin
  4104 | D        | Noticed a stone giant
  4114 | D        | Killed a tengu warrior
  4123 | D        | Killed an ettin
  4335 | D        | Killed a stone giant
  4590 | D        | Noticed a fire dragon
  4591 | D        | Noticed an ice dragon
  4597 | D        | Killed a fire dragon
  4609 | D        | Killed an ice dragon
  4769 | D        | Noticed Nergalle
  4781 | D        | Killed Nergalle
  4873 | D        | Noticed an eleionoma
  4873 | D        | Noticed a seven-headed hydra
  4873 | D        | Noticed a seven-headed hydra
  4883 | D        | Noticed a bunyip
  4897 | D        | Killed an eleionoma
  5256 | D        | Killed a 19-headed hydra
  5494 | D        | Killed a 13-headed hydra
  5524 | D        | Killed a bunyip
  5525 | D        | Reached XP level 13. HP: 107/145 MP: 10/12
  5763 | D        | Noticed a merfolk impaler
  6393 | D        | Killed a merfolk impaler
  6663 | D        | Noticed an entropy weaver
  6663 | D        | Noticed an emperor scorpion
  6663 | D        | Noticed an entropy weaver
  6666 | D        | Killed an entropy weaver
  6684 | D        | Killed an emperor scorpion
  6688 | D        | Killed an entropy weaver
  7036 | D        | Bought a +3 halberd of freezing for 314 gold pieces
  7039 | D        | Bought a scroll of summoning for 123 gold pieces
  7039 | D        | Bought a scroll of fear for 45 gold pieces
  7039 | D        | Bought a scroll of magic mapping for 45 gold pieces
  7055 | D        | Noticed a nagaraja
  7309 | D        | Killed a nagaraja
  7310 | D        | Reached skill level 5 in Dodging
  7708 | D        | Noticed a spriggan defender
  7708 | D        | Noticed an ettin
  7709 | D        | Noticed a walking divine tome
  7719 | D        | Noticed a shadow dragon
  7744 | D        | Killed a spriggan defender
  7749 | D        | Killed an ettin
  7753 | D        | Noticed a minotaur
  7757 | D        | Killed a walking divine tome
  8019 | D        | Killed a shadow dragon
  8024 | D        | Reached XP level 14. HP: 46/160 MP: 2/13
  8729 | D        | Bought a smouldering scale mail for 261 gold pieces
  8729 | D        | Identified the +0 scale mail of the Wasteland {rC+ Will++}
                  | (You bought it in a shop in the Dungeon)
  8740 | D        | Bought a shiny scale mail for 203 gold pieces
  8860 | D        | Noticed an ironbound thunderhulk
  8860 | D        | Noticed an ironbound preserver
  8879 | D        | Killed an ironbound thunderhulk
  9313 | D        | Killed an ironbound preserver
  9739 | D        | Noticed an ironbound preserver
  9740 | D        | Noticed an ironbound preserver
  9751 | D        | Killed an ironbound preserver
  9754 | D        | Killed an ironbound preserver
  9958 | D        | Noticed an orb of fire
  9958 | D        | Noticed a royal mummy
  9958 | D        | Noticed a nagaraja
 10082 | D        | Gained mutation: Your body sometimes deteriorates upon
                  | taking damage. [an orb of fire]
 10088 | D        | Killed an orb of fire
 10089 | D        | Reached skill level 27 in Fighting
 10089 | D        | Reached skill level 27 in Polearms
 10089 | D        | Reached skill level 27 in Armour
 10091 | D        | Killed a nagaraja
 10099 | D        | Reached skill level 10 in Dodging
 10292 | D        | Noticed an emperor scorpion
 10294 | D        | Killed a royal mummy
 10579 | D        | Noticed an ironbound thunderhulk
 10590 | D        | Killed an ironbound thunderhulk
 10677 | D        | Noticed Mara
 10687 | D        | Noticed mhtbhm's illusion
 10691 | D        | Killed Mara
 10692 | D        | Reached skill level 15 in Dodging
 10692 | D        | Reached XP level 15. HP: 135/174 MP: 10/14
 10952 | D        | Noticed Xtahua
 10953 | D        | Noticed Jory
 10960 | D        | Killed Xtahua
 10980 | D        | Killed Jory
 12032 | D        | Got a decaying rune of Zot
 12062 | D        | Noticed Ilsuiw
 12073 | D        | Killed Ilsuiw
 12130 | D        | Got a barnacled rune of Zot
 12332 | D        | Noticed an emperor scorpion
 12332 | D        | Noticed an emperor scorpion
 12339 | D        | Killed an emperor scorpion
 12353 | D        | Killed an emperor scorpion
 12354 | D        | Reached skill level 10 in Shields
 12357 | D        | Noticed an emperor scorpion
 12370 | D        | Noticed an emperor scorpion
 12378 | D        | Noticed an emperor scorpion
 12615 | D        | Killed an emperor scorpion
 12649 | D        | Killed an emperor scorpion
 12881 | D        | Killed an emperor scorpion
 13026 | D        | Got a gossamer rune of Zot
 13033 | D        | Noticed a nagaraja
 13034 | D        | Noticed a nagaraja
 13050 | D        | Killed a nagaraja
 13052 | D        | Noticed a nagaraja
 13059 | D        | Noticed a nagaraja
 13079 | D        | Killed a nagaraja
 13099 | D        | Killed a nagaraja
 13721 | D        | Killed a nagaraja
 13800 | D        | Got a serpentine rune of Zot
 13812 | D        | Bought a pair of shimmering gloves for 209 gold pieces
 13812 | D        | Identified the +2 pair of gloves "Weecio Nant" {rElec rC-
                  | rN+++ Slay-4} (You bought it in a shop in the Dungeon)
 13818 | D        | Bought a pitted plate armour for 616 gold pieces
 13818 | D        | Identified the +1 plate armour of Vauzit {rC+} (You bought
                  | it in a shop in the Dungeon)
 13829 | D        | Bought a dazzling chain mail for 209 gold pieces
 13829 | D        | Identified the +7 chain mail of Hepliaklqana's Whim {+Inv
                  | rN+ Int-4 Dex+3} (You bought it in a shop in the Dungeon)
 13942 | D        | Bought a brightly glowing scale mail for 198 gold pieces
 13942 | D        | Identified the +1 scale mail "Axty" {rF++} (You bought it
                  | in a shop in the Dungeon)
 14075 | D        | Noticed Mennas
 14096 | D        | Killed Mennas
 14132 | D        | Noticed Boris
 14142 | D        | Killed Boris
 14143 | D        | Reached skill level 27 in Dodging
 14143 | D        | Reached XP level 16. HP: 67/183 MP: 15/15
 14146 | D        | Noticed Rupert
 14148 | D        | Paralysed by Rupert for 5 turns
 14161 | D        | Killed Rupert
 14491 | D        | Bought the +0 mask of the Dragon {Will+ Slay+3 SInv} for
                  | 601 gold pieces
 14491 | D        | Found the +0 mask of the Dragon {Will+ Slay+3 SInv}
 14516 | D        | Reached skill level 15 in Shields
 14543 | D        | Reached skill level 10 in Stealth
 14834 | D        | Noticed an ancient lich
 14856 | D        | Killed an ancient lich
 14857 | D        | Noticed a shadow dragon
 14870 | D        | Noticed a shadow dragon
 15039 | D        | Killed a shadow dragon
 15047 | D        | Killed a shadow dragon
 15054 | D        | Noticed a tengu reaver
 15577 | D        | Killed a tengu reaver
 15593 | D        | Reached skill level 15 in Stealth
 15598 | D        | Got the Catalogue of Changing
 15630 | D        | Noticed a shadow dragon
 15630 | D        | Noticed an ancient lich
 15630 | D        | Noticed a lich
 15630 | D        | Noticed a shadow dragon
 15638 | D        | Killed an ancient lich
 15639 | D        | Noticed a shadow dragon
 15647 | D        | Killed a shadow dragon
 15647 | D        | Noticed a titan
 15649 | D        | Killed a lich
 15650 | D        | Found the +6 arbalest "Damnation" {damnation}
 15666 | D        | Killed a shadow dragon
 15685 | D        | Killed a shadow dragon
 15690 | D        | Killed a titan
 15692 | D        | Got a silver rune of Zot
 16151 | D        | Noticed Snorg
 16160 | D        | Killed Snorg
 16204 | D        | Got the ring of Huept {Str+2 Int+3}
 16206 | D        | Got the amulet "Arihoe" {Faith -Tele rElec Regen+ SInv}
 16208 | D        | Got the ring "Leeb" {Ice rElec rN++ MP-9}
 16223 | D        | Found the +3 pair of seven-league boots {Rampage+∞}
 16366 | D        | Bought a scroll of enchant armour for 157 gold pieces
 16366 | D        | Bought a scroll of brand weapon for 420 gold pieces
 16366 | D        | Bought a scroll of brand weapon for 420 gold pieces
 16366 | D        | Bought a scroll of enchant weapon for 157 gold pieces
 16449 | D        | Bought a fine glaive for 368 gold pieces
 16449 | D        | Identified the +9 glaive "Embalmer" {protect, Dex+5} (You
                  | bought it in a shop in the Dungeon)
 16454 | D        | Noticed a tentacled monstrosity
 16458 | D        | Reached XP level 17. HP: 190/191 MP: 16/16
 16465 | D        | Reached skill level 27 in Shields
 16471 | D        | Killed a tentacled monstrosity
 16624 | D        | Noticed a golden dragon
 16647 | D        | Killed a golden dragon
 16867 | D        | Noticed a tentacled monstrosity
 16887 | D        | Killed a tentacled monstrosity
 16982 | D        | Noticed a tentacled monstrosity
 16988 | D        | Killed a tentacled monstrosity
 17195 | D        | Noticed a quicksilver dragon
 17200 | D        | Noticed a tentacled monstrosity
 17204 | D        | Killed a quicksilver dragon
 17205 | D        | Reached skill level 5 in Long Blades
 17211 | D        | Reached skill level 1 in Invocations
 17216 | D        | Reached skill level 1 in Maces & Flails
 17216 | D        | Reached skill level 1 in Earth Magic
 17224 | D        | Killed a tentacled monstrosity
 17225 | D        | Reached skill level 1 in Short Blades
 17225 | D        | Reached skill level 1 in Slings
 17225 | D        | Reached skill level 1 in Bows
 17225 | D        | Reached skill level 1 in Poison Magic
 17230 | D        | Reached skill level 1 in Translocations
 17235 | D        | Reached skill level 10 in Long Blades
 17321 | D        | Noticed a golden dragon
 17328 | D        | Reached skill level 1 in Transmutations
 17332 | D        | Reached skill level 1 in Air Magic
 17333 | D        | Killed a golden dragon
 17334 | D        | Reached skill level 1 in Conjurations
 17334 | D        | Reached skill level 1 in Hexes
 17334 | D        | Reached skill level 1 in Summonings
 17334 | D        | Reached skill level 1 in Necromancy
 17334 | D        | Reached skill level 1 in Fire Magic
 17334 | D        | Reached skill level 1 in Ice Magic
 17358 | D        | Reached skill level 5 in Evocations
 17500 | D        | Noticed an Orb Guardian
 17500 | D        | Noticed an Orb Guardian
 17500 | D        | Noticed an Orb Guardian
 17500 | D        | Noticed an Orb Guardian
 17500 | D        | Noticed an Orb Guardian
 17500 | D        | Noticed an Orb Guardian
 17501 | D        | Killed an Orb Guardian
 17502 | D        | Reached skill level 15 in Long Blades
 17502 | D        | Noticed an Orb Guardian
 17502 | D        | Noticed an Orb Guardian
 17503 | D        | Killed an Orb Guardian
 17509 | D        | Killed an Orb Guardian
 17510 | D        | Noticed an Orb Guardian
 17514 | D        | Killed an Orb Guardian
 17521 | D        | Killed an Orb Guardian
 17525 | D        | Killed an Orb Guardian
 17526 | D        | Noticed an Orb Guardian
 17527 | D        | Killed an Orb Guardian
 17530 | D        | Killed an Orb Guardian
 17532 | D        | Killed an Orb Guardian
 17533 | D        | Reached XP level 18. HP: 142/200 MP: 19/19
 17538 | D        | Killed an Orb Guardian
 17692 | D        | Noticed an Orb Guardian
 17692 | D        | Noticed an Orb Guardian
 17692 | D        | Noticed a tentacled monstrosity
 17694 | D        | Noticed an Orb Guardian
 17703 | D        | Killed an Orb Guardian
 17704 | D        | Noticed an Orb Guardian
 17707 | D        | Killed an Orb Guardian
 17708 | D        | Reached skill level 5 in Summonings
 17710 | D        | Killed a tentacled monstrosity
 17719 | D        | Reached skill level 5 in Spellcasting
 17724 | D        | Killed an Orb Guardian
 17726 | D        | Killed an Orb Guardian
 17821 | D        | Noticed an ancient lich
 17828 | D        | Killed an ancient lich
 17848 | D        | Noticed an orb of fire
 17861 | D        | Gained mutation: You possess an exceptional clarity of
                  | mind. [an orb of fire]
 17864 | D        | Killed an orb of fire
 17967 | D        | Lost mutation: You possess an exceptional clarity of mind.
                  | [potion of mutation]
 17967 | D        | Lost mutation: Your body sometimes deteriorates upon taking
                  | damage. [potion of mutation]
 17967 | D        | Gained mutation: You have large cloven feet. [potion of
                  | mutation]
 17967 | D        | Gained mutation: You have hidden genetic defects. [potion
                  | of mutation]
 17967 | D        | Gained mutation: You are partially covered in iridescent
                  | scales. (AC +2) [potion of mutation]
 17971 | D        | Noticed an electric golem
 17977 | D        | Killed an electric golem
 17980 | D        | Noticed an electric golem
 17980 | D        | Noticed an ancient lich
 17980 | D        | Noticed an Orb Guardian
 17993 | D        | Killed an ancient lich
 17994 | D        | Reached skill level 10 in Summonings
 18007 | D        | Noticed a tentacled monstrosity
 18009 | D        | Reached skill level 10 in Spellcasting
 18010 | D        | Killed an Orb Guardian
 18021 | D        | Killed a tentacled monstrosity
 18027 | D        | Killed an electric golem
 18029 | D        | Noticed an Orb Guardian
 18034 | D        | Killed an Orb Guardian
 18047 | D        | Gained mutation: You have terrible hidden genetic defects.
                  | [hidden defects]
 18171 | D        | Bought a potion of mutation for 104 gold pieces
 18171 | D        | Lost mutation: You are partially covered in iridescent
                  | scales. (AC +2) [potion of mutation]
 18171 | D        | Lost mutation: You have large cloven feet. [potion of
                  | mutation]
 18171 | D        | Lost mutation: You have terrible hidden genetic defects.
                  | [potion of mutation]
 18171 | D        | Gained mutation: You occasionally shout uncontrollably at
                  | your foes. [potion of mutation]
 18171 | D        | Gained mutation: You are robust. (+10% HP) [potion of
                  | mutation]
 18171 | D        | Gained mutation: Your spells are a little harder to cast,
                  | but a little more powerful. [potion of mutation]
 18178 | D        | Bought a scroll of fog for 26 gold pieces
 18178 | D        | Bought a scroll of enchant weapon for 97 gold pieces
 18179 | D        | Bought a potion of invisibility for 104 gold pieces
 18179 | D        | Bought a potion of might for 52 gold pieces
 18218 | D        | Noticed an Orb Guardian
 18218 | D        | Noticed an Orb Guardian
 18218 | D        | Noticed an Orb Guardian
 18218 | D        | Noticed an Orb Guardian
 18218 | D        | Noticed an Orb Guardian
 18218 | D        | Noticed an Orb Guardian
 18222 | D        | Killed an Orb Guardian
 18224 | D        | Killed an Orb Guardian
 18227 | D        | Killed an Orb Guardian
 18239 | D        | Killed an Orb Guardian
 18250 | D        | Killed an Orb Guardian
 18258 | D        | Killed an Orb Guardian
 18261 | D        | Noticed an Orb Guardian
 18265 | D        | Noticed an Orb Guardian
 18265 | D        | Noticed an Orb Guardian
 18265 | D        | Noticed an Orb Guardian
 18267 | D        | Killed an Orb Guardian
 18268 | D        | Noticed an Orb Guardian
 18274 | D        | Killed an Orb Guardian
 18280 | D        | Killed an Orb Guardian
 18281 | D        | Noticed an Orb Guardian
 18517 | D        | Killed an Orb Guardian
 18518 | D        | Reached skill level 15 in Summonings
 18803 | D        | Killed an Orb Guardian
 18809 | D        | Killed an Orb Guardian
 18811 | D        | Lost mutation: Your spells are a little harder to cast, but
                  | a little more powerful. [hidden defects]
 18811 | D        | Lost mutation: You have hidden genetic defects. [hidden
                  | defects expressed]
 18922 | D        | Noticed a lich
 18922 | D        | Noticed a lich
 18922 | D        | Noticed a lich
 18923 | D        | Noticed a lich
 18928 | D        | Killed a lich
 18931 | D        | Killed a lich
 18959 | D        | Killed a lich
 18963 | D        | Killed a lich
 18964 | D        | Reached skill level 15 in Spellcasting
 19155 | D        | Bought a potion of haste for 120 gold pieces
 19155 | D        | Bought a potion of might for 48 gold pieces
 19155 | D        | Bought a potion of heal wounds for 60 gold pieces
 19401 | D        | Bought a scroll of enchant armour for 135 gold pieces
 19401 | D        | Bought a scroll of fear for 63 gold pieces
 19435 | D        | Reached XP level 19. HP: 196/227 MP: 37/37
 19504 | D        | Got an elven rune of Zot
 19907 | D        | Learned a level 7 spell: Dragon Form
 20462 | D        | Noticed the Royal Jelly
 20480 | D        | Killed the Royal Jelly
 21125 | D        | Got a slimy rune of Zot
 21841 | D        | Bought the ring "Zirutahat" {rPois rC++ rN+ rCorr Int-4}
                  | for 596 gold pieces
 22464 | D        | Noticed a royal mummy
 22464 | D        | Noticed a royal mummy
 22464 | D        | Noticed a royal mummy
 22475 | D        | Killed a royal mummy
 22491 | D        | Killed a royal mummy
 22501 | D        | Killed a royal mummy
 22502 | D        | Noticed a royal mummy
 22931 | D        | Killed a royal mummy
 22937 | D        | Got a golden rune of Zot
 23080 | D        | Got an abyssal rune of Zot
 23221 | D        | Noticed Geryon
 23236 | D        | Killed Geryon
 23251 | D        | Noticed Ereshkigal
 23251 | D        | Noticed Mnoleg
 23251 | D        | Found the +6 sword of Cerebov {flame}
 23251 | D        | Noticed Cerebov
 23255 | D        | Noticed a Tzitzimitl
 23255 | D        | Noticed a Tzitzimitl
 23255 | D        | a tentacled monstrosity changed into a Tzitzimitl
 23399 | D        | Noticed a Tzitzimitl
 23416 | D        | Noticed a Tzitzimitl
 23428 | D        | Noticed a Tzitzimitl
 23433 | D        | Killed Ereshkigal
 23434 | D        | Reached XP level 20. HP: 63/237 MP: 45/45
 23896 | D        | Gained mutation: Your body sometimes deteriorates upon
                  | taking damage. [Mnoleg's mutagenic touch]
 23923 | D        | Killed Mnoleg
 24060 | D        | Noticed Gloorx Vloq
 24075 | D        | HP: 9/237 [Cerebov/great blast of fire (50)]
 24076 | D        | Killed from afar by Cerebov

Illustrated notes

Levels and vault maps discovered:
D:        linesprint [early_d, line_temple, items_1, d_10, items_2, lair_1,
          lair_end, items_3, orc_1, orc_end, items_4, d_15, swamp_1, shoals_1,
          snake_1, spider_1, d_20, vaults_1, items_5, swamp_end, shoals_end,
          snake_end, spider_end, vaults_end, d_27, items_6, zot_1, zot_end,
          crypt_end, forest_end, elf_end, slime_end, tomb_end, abyss_end,
          pan_hell_end]

Skill      XL: |  1  2  3  4  5  6  7  8  9 10 11 12 13 14 15 16 17 18 19 |
---------------+----------------------------------------------------------+-----
Shields        | 6 7 8 9 13 26 27 | 27.0
Fighting       | 6 7 8 10 11 12 14 15 19 21 24 27 | 27.0
Polearms       | 4 6 7 9 12 15 17 19 21 23 25 27 | 27.0
Armour         | 6 7 9 10 11 13 14 16 18 21 24 27 | 27.0
Dodging        | 1 2 3 4 5 15 27 | 27.0
Stealth        | 2 3 5 6 9 17 24 | 24.4
Evocations     | 1 2 4 5 |  5.5
Long Blades    | 18 | 18.9
Invocations    | 3 |  3.3
Maces & Flails | 3 |  3.3
Earth Magic    | 2 |  2.8
Short Blades   | 2 |  2.9
Slings         | 2 |  2.8
Bows           | 3 |  3.0
Poison Magic   | 2 |  2.5
Translocations | 2 |  2.4
Transmutations | 2 |  2.1
Air Magic      | 1 |  1.9
Conjurations   | 1 |  1.9
Hexes          | 1 |  1.7
Summonings     | 1 17 24 | 24.5
Necromancy     | 2 |  2.0
Fire Magic     | 2 |  2.0
Ice Magic      | 1 |  1.9
Spellcasting   | 15 22 | 22.7

Action                   |  1- 3 |  4- 6 |  7- 9 | 10-12 | 13-15 | 16-18 | 19-21 || total
-------------------------+-------+-------+-------+-------+-------+-------+-------++-------
Melee: Trident           |    27 |     8 |       |       |       |       |       ||    35
       Headbutt          |     1 |     1 |    14 |    81 |   142 |   236 |   162 ||   637
       Halberd           |       |    18 |    52 |   393 |   405 |       |       ||   868
       Glaive            |       |       |       |       |   270 |   832 |       ||  1102
       Eudemon blade     |       |       |       |       |       |    38 |   540 ||   578
Throw: Javelin           |       |       |       |       |       |       |     6 ||     6
Invok: Call Merchant     |       |       |       |     3 |     4 |     8 |     3 ||    18
       Potion Petition   |       |       |       |     1 |     8 |     3 |     4 ||    16
Evoke: Wand              |       |     1 |       |     3 |     6 |       |       ||    10
       Box of beasts     |       |       |       |       |       |       |     2 ||     2
       Horn of Geryon    |       |       |       |       |       |       |     1 ||     1
  Use: Potion            |     1 |     1 |     4 |     5 |    15 |     5 |    13 ||    44
       Scroll            |       |       |     1 |     4 |     5 |    19 |     3 ||    32
 Stab: Distracted        |       |       |     1 |     4 |     3 |    27 |     4 ||    39
       Invisible         |       |       |     1 |       |       |       |       ||     1
       Petrified         |       |       |     1 |       |       |       |       ||     1
       Sleeping          |       |       |       |       |     1 |     1 |       ||     2
Armor: Scale mail        |    10 |     6 |       |       |   208 |       |       ||   224
       Plate armour      |       |    21 |    17 |   215 |   156 |       |       ||   409
       Chain mail        |       |       |       |       |    10 |    59 |       ||    69
       Gold dragon scale |       |       |       |       |       |   204 |    90 ||   294
Dodge: Dodged            |     9 |     5 |    14 |   139 |   327 |   309 |    52 ||   855
Block: Buckler           |     3 |       |       |       |       |       |       ||     3
       Other             |       |       |       |       |    37 |    86 |       ||   123
       Reflection        |       |       |       |       |     1 |       |    10 ||    11
       Tower shield      |       |       |       |       |       |    16 |   311 ||   327

Table legend: (Time is in decaauts) A = Elapsed time spent in this place. B = Non-inter-level travel time spent in this place. C = Inter-level travel time spent in this place. D = Time resting spent in this place. E = Time spent auto-exploring this place. F = Levels seen in this place. G = Mean time per level. A B C D E F G +--------+--------+--------+--------+--------+-----+--------+ Total | 23190 | 23190 | 0 | 12488 | 4094 | 1 | 23190.0 | Dungeon | 23190 | 23190 | 0 | 12488 | 4094 | 1 | 23190.0 | +--------+--------+--------+--------+--------+-----+--------+

Top non-repeatable levels by time:
       D: 23190 daAuts
